 Dungeon Crawl Stone Soup version 0.31-b1-17-gcfd88c8481 (webtiles) character file.

Game seed: 17351391848068819634

2280 hawla the Thaumaturge (level 9, 0/51 HPs)
             Began as a Deep Elf Fire Elementalist on Jan 15, 2024.
             Slain by an orc warrior
             ... wielding a +0 mace
              (13 damage)
             ... on level 7 of the Dungeon.
             The game lasted 00:22:22 (7072 turns).

hawla the Thaumaturge (Deep Elf Fire Elementalist)  Turns: 7072, Time: 00:22:22

Health: 0/51       AC:  4    Str:  3 (5)  XL:     9   Next: 16%
Magic:  23/23      EV: 13    Int: 29 (31) God:
Gold:   206        SH:  0    Dex: 13 (15) Spells: 14/24 levels left

rFire   . . .        B - +5 scimitar
rCold   . . .        (no shield)
rNeg    . . .        w - +0 toga "Victory" {*Victory Clar}
rPois   .            (no helmet)
rElec   .            s - +0 cloak
rCorr   .            (no gloves)
SInv    +            n - +0 pair of boots
Will    .....        (no amulet)
Stlth   +            m - +6 ring of intelligence
HPRegen 0.28/turn    u - ring of see invisible
MPRegen 0.18/turn

%: clarity
@: confused, ambrosia-drunk
A: robust 1, MP-powered wands
a: no special abilities


You were on level 7 of the Dungeon.
You visited 2 branches of the dungeon, and saw 8 of its levels.

You collected 206 gold pieces.

Inventory:

Hand Weapons
 p - a +0 dagger of venom
 B - a +5 scimitar (weapon)
Missiles
 A - 2 poisoned darts
Armour
 a - a +1 robe
 n - a +0 pair of boots (worn)
 s - a +0 cloak (worn)
 w - the +0 toga "Victory" (worn) {*Victory Clar}
   (You found it on level 6 of the Dungeon)

   *Victory:  When the wearer kills a threatening monster, it has a chance to
   gain +1 AC, +1 Slay, and +1 Int, capping at +7.
   When the wearer uses a scroll or a potion with a hostile monster in sight,
   its bonuses reset to +0.
   Unequipping it also resets its bonuses to +0.
   Clar:      It protects you from confusion, rage, mesmerisation and fear.
Jewellery
 m - a +6 ring of intelligence (left hand)
 q - a +6 ring of strength
 u - a ring of see invisible (right hand)
Wands
 d - a wand of light (9)
Scrolls
 e - 2 scrolls of amnesia
 h - a scroll of teleportation
 l - a scroll of fog
 o - a scroll of enchant armour
 r - a scroll of identify
 t - 2 scrolls of revelation
 v - a scroll of vulnerability {unknown}
 y - a scroll of fear {unknown}
 z - a scroll of summoning {unknown}
Potions
 b - 3 potions of magic
 c - 3 potions of haste
 f - a potion of enlightenment
 g - a potion of mutation
 i - 2 potions of ambrosia
 j - 2 potions of might
 k - 5 potions of brilliance


   Skills:
 - Level 1.0 Fighting
 + Level 3.9(4.1) Short Blades
 + Level 1.6(2.8) Long Blades
 + Level 5.0 Dodging
 - Level 3.0 Stealth
 + Level 8.3 Spellcasting
 + Level 5.7 Conjurations
 + Level 7.2 Fire Magic
 + Level 1.1 Ice Magic
 + Level 3.0 Evocations


You had 14 spell levels left.
You knew the following spells:

 Your Spells              Type           Power      Damage    Failure   Level
a - Foxfire               Conj/Fire      100%       2x1d9     1%          1
b - Scorch                Fire           100%       2d9       1%          2
c - Flame Wave            Conj/Fire      49%        2d12      3%          4
d - Hailstorm             Conj/Ice       32%        3d8       3%          3

Your spell library contained the following spells:

 Spells                   Type           Power      Damage    Failure   Level
 Freeze                   Ice            72%        1d8       2%          1
 Inner Flame              Hex/Fire       33%        N/A       3%          3
 Volatile Blastmotes      Fire/Tloc      66%        2d15      3%          3
 Summon Small Mammal      Summ           48%        N/A       4%          1
 Ensorcelled Hibernation  Hex/Ice        30%        N/A       5%          2
 Frozen Ramparts          Ice            36%        1d6       9%          3
 Passwall                 Erth           12%        N/A       13%         3
 Swiftness                Air            12%        N/A       13%         3


Dungeon Overview and Level Annotations

Branches:
Dungeon (7/15)             Temple (1/1) D:6

Altars:
Ashenzari
Cheibriados
Elyvilon
Fedhas
Gozag
Hepliaklqana
Kikubaaqudgha
Makhleb
Okawaru
Qazlal
Ru
Sif Muna
Trog
Wu Jian
Xom
Yredelemnul
Zin

Portals:
Abyss: D:5
Ossuary: D:7

Annotations:
D:5 2 transporters, hawla's ghost, novice FeSh


Innate Abilities, Weirdness & Mutations

You are robust. (+10% HP)
You expend magic power (3 MP) to strengthen your wands.


Message History

An orc warrior comes into view. It is wielding a +0 mace.
The jackal zombie barely misses you.
You hit the jackal zombie.
The jackal zombie is severely damaged.
The jackal zombie barely misses you.
The jackal zombie bites you but does no damage.
You slash the jackal zombie!
You destroy the jackal zombie!
You barely miss the orc zombie. The orc zombie closely misses you.
The orc warrior shouts!
You slash the orc zombie!
You destroy the orc zombie!
You hear an angry hiss.
The kobold zombie closely misses you.
You slash the kobold zombie!
You destroy the kobold zombie!
No target in view!
An iguana comes into view.
You hear the hiss of an avalanche of sand.
The orc warrior hits you with a +0 mace!
You slash the orc warrior!
The orc warrior is moderately wounded.
The orc warrior hits you with a +0 mace! x2
Casting: Foxfire (safe; 1% risk of failure)
Confirm with . or Enter, or press ? or * to list all spells.
Flames lash the orc warrior.
The orc warrior is heavily wounded.
The orc warrior's fire resistance burns away.
The orc warrior hits you with a +0 mace!
You are confused.
You feel invigorated.
The orc warrior hits you with a +0 mace!
* * * LOW HITPOINT WARNING * * *
It was a potion of degeneration.
There was something very wrong with that liquid.
You feel weakened.
You feel dopey.
You feel clumsy. The orc warrior closely misses you.
You're too confused to move!
The orc warrior hits you with a +0 mace!
You die...

###### #....# ####.∩..#
........####
####.##@...# #.
####.##o...#### #.
...[...........
###.######.##...#'######
........................
####...†###...........#
#..l.###...........#
#..................#
#####....##.######.###.#


You could see an orc warrior (combustible).

Vanquished Creatures
  Pikel (D:6)
  Sigmund (D:6)
  Eustachio (D:6)
  An ice beast (D:6)
  A centaur (D:6)
  3 lemures (D:6)
  A phantom (D:5)
  A kobold brigand (D:6)
  2 bullfrogs
  A gnoll sergeant (D:5)
  3 scorpions (D:5)
  4 wights (D:6)
  A howler monkey (D:5)
  3 hounds
  A jelly (D:5)
  2 orc priests
  A sleepcap (D:7)
  Crazy Yiuf (D:6)
  An iguana (D:4)
  4 orc wizards
  8 gnolls
  6 adders
  4 ufetubi
  2 adder skeletons (D:2)
  2 dart slugs
  2 ribbon worms
  6 orcs
  8 bats
  8 endoplasms
  4 giant cockroaches
  13 goblins
  11 hobgoblins
  8 jackals
  13 kobolds
  3 quokkas
  4 ball pythons
  A ball python zombie (D:2)
  6 frilled lizards
  2 jackal zombies
  A kobold zombie (D:7)
  An orc zombie (D:7)
  A quokka skeleton (D:2)
  A quokka zombie (D:2)
  A rat (D:1)
150 creatures vanquished.

Vanquished Creatures (others)
  230 foxfires
230 creatures vanquished.

Grand Total: 380 creatures vanquished

Notes
Turn   | Place    | Note
-------+----------+-------------------------------------------
     0 | D:1      | hawla the Deep Elf Fire Elementalist began the quest for
                  | the Orb.
     0 | D:1      | Reached XP level 1. HP: 10/10 MP: 6/6
   134 | D:1      | Reached XP level 2. HP: 15/15 MP: 4/8
   639 | D:1      | Reached XP level 3. HP: 19/19 MP: 7/10
   913 | D:1      | Found a faded altar of an unknown god.
   949 | D:2      | Reached skill level 4 in Spellcasting
  1110 | D:2      | Learned a level 2 spell: Scorch
  1116 | D:2      | Reached XP level 4. HP: 24/24 MP: 9/12
  1376 | D:2      | Learned a level 4 spell: Flame Wave
  2110 | D:3      | Reached XP level 5. HP: 26/28 MP: 10/13
  2347 | D:3      | Found a stormy altar of Qazlal.
  2531 | D:3      | Found a bloodstained altar of Trog.
  2967 | D:3      | Found a bloodstained altar of Trog.
  3061 | D:3      | Found a stormy altar of Qazlal.
  3582 | D:4      | Gained mutation: You expend magic power (3 MP) to
                  | strengthen your wands. [potion of mutation]
  3582 | D:4      | Gained mutation: You are robust. (+10% HP) [potion of
                  | mutation]
  3587 | D:4      | Reached skill level 1 in Short Blades
  3752 | D:4      | Reached skill level 1 in Long Blades
  3752 | D:4      | Reached XP level 6. HP: 35/35 MP: 5/14
  4120 | D:5      | Entered Level 5 of the Dungeon
  4307 | D:5      | Found a transporter.
  4381 | D:5      | Reached skill level 5 in Spellcasting
  4381 | D:5      | Reached skill level 5 in Fire Magic
  4381 | D:5      | Reached XP level 7. HP: 11/39 MP: 3/16
  4602 | D:4      | Learned a level 3 spell: Hailstorm
  4681 | D:5      | Found a transporter.
  4684 | D:5      | Noticed a toenail golem
  4695 | D:5      | Found a one-way gate to the infinite horrors of the Abyss.
  4695 | D:5      | Noticed hawla's ghost (novice FeSh)
  4832 | D:5      | Reached skill level 6 in Spellcasting
  4897 | D:5      | Found a shimmering altar of Xom.
  5410 | D:6      | Noticed Eustachio
  5466 | D:6      | Found a staircase to the Ecumenical Temple.
  5475 | Temple   | Entered the Ecumenical Temple
  5578 | D:6      | Reached skill level 5 in Conjurations
  5578 | D:6      | Reached XP level 8. HP: 39/46 MP: 14/20
  5586 | D:6      | Killed Eustachio
  5587 | D:6      | Reached skill level 7 in Spellcasting
  5587 | D:6      | Reached skill level 1 in Evocations
  5662 | D:6      | Found a shimmering blue altar of Sif Muna.
  5681 | D:6      | Got Sif Muna's Quarto of Apparitions
  5718 | D:6      | Noticed Pikel
  5728 | D:6      | HP: 1/46 [Pikel/+1 whip of electrocution (17)]
  5730 | D:6      | Killed Pikel
  5731 | D:6      | Reached skill level 1 in Fighting
  5934 | D:6      | Identified the +1 spear of the Walnut {venom, Dex+3}
  5968 | D:6      | Noticed Sigmund
  5992 | D:6      | Killed Sigmund
  5993 | D:6      | Reached skill level 8 in Spellcasting
  5993 | D:6      | Reached skill level 1 in Ice Magic
  6120 | D:6      | Found a runed translucent door.
  6121 | D:6      | Noticed Crazy Yiuf
  6130 | D:6      | Killed Crazy Yiuf
  6587 | D:6      | Found a basalt altar of Yredelemnul.
  6704 | D:6      | Found an iron altar of Okawaru.
  6704 | D:6      | Found a runed translucent door.
  6709 | D:6      | Found the +0 toga "Victory" {*Victory Clar}
  6726 | D:6      | Reached XP level 9. HP: 48/51 MP: 16/23
  7031 | D:7      | Reached skill level 5 in Dodging
  7038 | D:7      | Found a sand-covered staircase.
  7072 | D:7      | Slain by an orc warrior

Illustrated notes

Levels and vault maps discovered:
D:1:      dpeg_arrival_rhombus, layout_loops_ring,
          shapermc_ecumenical_altar_mp_highgroup, minmay_ruptured
D:2:      layout_rooms, serial_undead, serial_undead_a, serial_undead_b,
          serial_undead_c, serial_undead_c, serial_undead_e, serial_undead_a,
          serial_undead_e, patterned_corridor
D:3:      layout_basic, nicolae_qazlal_scattered_showers,
          lightli_temple_of_fire, minmay_goblin_outpost
D:4:      layout_rooms
D:5:      layout_loops_ring, marbit_many_paths, gammafunk_ghost_abyssal_escape
D:6:      layout_basic, nicolae_overflow_guarded_unrand_okawaru_victory,
          mainiacjoe_overflow_alcove_2, led_sif_book, minmay_temple_entry_trees,
          eino_curves_04, uniq_pikel, uniq_eustachio, uniq_crazy_yiuf_cottage,
          uniq_sigmund
D:7:      layout_basic, grunt_dithmenos_shadows, enter_ossuary_3, st_stairs_9,
          kennysheep_generic_room_15, uniq_joseph
Temple:   minmay_freezing_vapour_temple

Skill      XL: |  1  2  3  4  5  6  7  8  9 |
---------------+----------------------------+-----
Fire Magic     | 4 5 6 7 |  7.2
Spellcasting   | 4 5 6 8 |  8.3
Conjurations   | 2 3 4 5 |  5.7
Short Blades   | 2 3 |  3.9
Long Blades    | 1 |  1.6
Stealth        | 3 |  3.0
Dodging        | 3 4 5 |  5.0
Evocations     | 3 |  3.0
Fighting       | 1 |  1.0
Ice Magic      | 1 |  1.1

Action                     |  1- 3 |  4- 6 |  7- 9 || total
---------------------------+-------+-------+-------++-------
  Melee: Unarmed           |    23 |    31 |       ||    54
         Punch             |     1 |     1 |       ||     2
         Dagger            |       |    26 |    75 ||   101
         Long sword        |       |     4 |       ||     4
         Scimitar          |       |       |    15 ||    15
   Cast: Foxfire           |    63 |    45 |    21 ||   129
         Scorch            |       |    30 |    10 ||    40
         Flame Wave        |       |     5 |    17 ||    22
         Hailstorm         |       |       |     2 ||     2
  Evoke: Wand              |       |       |     2 ||     2
    Use: Scroll            |     4 |     2 |     8 ||    14
         Potion            |     3 |     1 |     7 ||    11
   Stab: Sleeping          |       |     2 |     1 ||     3
 Armour: Robe              |    35 |    30 |    61 ||   126
  Dodge: Dodged            |    60 |    66 |    94 ||   220
